 Dungeon Crawl Stone Soup version 0.29-a0-824-gd827844252 (webtiles) character file.

Game seed: 6331162151739606737

158 Pooter the Thrower (level 5, 0/55 HPs)
             Began as a Gnoll Wanderer on July 11, 2022.
             Was a Plaything of Xom.
             Succumbed to a killer bee's poison
             ... on level 4 of the Dungeon.
             The game lasted 00:20:27 (3670 turns).

Pooter the Thrower (Gnoll Wanderer)                 Turns: 3670, Time: 00:20:27

Health: 0/55       AC: 22    Str:  8 (11) XL:     5   Next: 39%
Magic:  9/9        EV:  2    Int: 10 (11) God:    Xom [.....*]
Gold:   139        SH:  5    Dex: 15 (16) Spells: 10/10 levels left

rFire   . . .      SeeInvis +   a - +0 long sword
rCold   . . .      Faith    .   d - +0 buckler
rNeg    . . .      Spirit   +   (body armour currently unavailable)
rPois   +          Reflect  .   (helmet currently unavailable)
rElec   .          Harm     .   (cloak currently unavailable)
rCorr   .          Rampage  .   (gloves currently unavailable)
Will    +....      NoTele   +   (boots currently unavailable)
Stlth   ++........              G - amulet of guardian spirit
HPRegen 0.18/turn               (no ring)
MPRegen 0.11/turn               (no ring)

@: mighty, lethally poisoned (0 -> -6), tree-form
A: stationary, stasis, torment immunity, boosted hp, (fangs 1), strong nose,
distributed training, (horns 1), see invisible, agile 1, strong-willed 1
a: Renounce Religion


You were on level 4 of the Dungeon.
You worshipped Xom.
You were Xom's teddy bear.
You were a tree.
You visited 1 branch of the dungeon, and saw 4 of its levels.

You collected 139 gold pieces.

Inventory:

Hand Weapons
 a - a +0 long sword (weapon)
   (You found it on level 3 of the Dungeon)
 b - a +0 sling
   (You found it on level 3 of the Dungeon)
 h - a +0 short sword
   (You took it off a kobold on level 1 of the Dungeon)
 o - a +0 spear
   (You found it on level 2 of the Dungeon)
 v - a +0 flail
   (You took it off an orc on level 3 of the Dungeon)
 A - a +2 dagger
Missiles
 p - a throwing net {!f}
 s - a curare-tipped dart
 y - 3 boomerangs (quivered)
 Q - 8 stones
Armour
 d - a +0 buckler (worn)
 f - a +0 robe
 g - a +0 chain mail (melded)
   (You found it on level 1 of the Dungeon)
 B - a +0 pair of boots (melded)
   (You found it on level 4 of the Dungeon)
Magical Staves
 l - a staff of cold
   (You found it on level 1 of the Dungeon)
 r - a staff of death
   (You found it on level 3 of the Dungeon)
 z - a staff of earth
   (You found it on level 4 of the Dungeon)
Jewellery
 G - an amulet of guardian spirit (around neck)
   (You found it on level 2 of the Dungeon)
Wands
 D - a wand of digging (5)
   (You found it on level 3 of the Dungeon)
Scrolls
 i - a scroll of brand weapon {unknown}
 k - 2 scrolls of fog
 t - 3 scrolls of teleportation {@r4}
 u - a scroll of amnesia {unknown}
 x - a scroll of immolation {unknown}
Potions
 e - a potion of brilliance
 m - a potion of degeneration {!q}
 w - a potion of berserk rage {unknown}


   Skills:
 + Level 1.5 Fighting
 + Level 1.5 Short Blades
 + Level 1.5 Long Blades
 + Level 1.5 Axes
 + Level 1.5 Maces & Flails
 + Level 1.5 Polearms
 + Level 1.5 Staves
 + Level 1.5 Ranged Weapons
 + Level 8.6 Throwing
 + Level 3.0 Armour
 + Level 3.0 Dodging
 + Level 1.5 Stealth
 + Level 3.0 Shields
 + Level 4.8 Unarmed Combat
 + Level 3.2 Spellcasting
 + Level 1.2 Conjurations
 + Level 1.2 Hexes
 + Level 1.2 Summonings
 + Level 1.2 Necromancy
 + Level 1.2 Translocations
 + Level 1.2 Transmutations
 + Level 1.2 Fire Magic
 + Level 1.2 Ice Magic
 + Level 1.2 Air Magic
 + Level 1.2 Earth Magic
 + Level 1.2 Poison Magic
 + Level 1.7 Invocations
 + Level 1.5 Evocations


You had 10 spell levels left.
You didn't know any spells.
Your spell library was empty.

Dungeon Overview and Level Annotations

Branches:
Dungeon (4/15)
 Temple: D:4-7

Altars:
Xom
The Shining One

Shops:
D:3 :


Innate Abilities, Weirdness & Mutations

You are a tree.
Your roots penetrate the ground, keeping you stationary.
You cannot be teleported.
You are immune to unholy pain and torment.
Your maximum health is greatly increased.
Your equipment is partially melded.
((You have very sharp teeth.))
Your uncanny sense of smell can sniff out nearby items.
Your experience applies equally to all skills.
((You have a pair of small horns on your head.))
You have supernaturally acute eyesight. (SInv)
You are agile. (Dex +4, Str/Int -1)
You are strong-willed. (Will+)


Message History

You barely miss the killer bee.
The killer bee stings you but does no damage.
The killer bee closely misses you.
The killer bee stings you but does no damage.
Unknown command.
You slash the killer bee!
You kill the killer bee!
You block the killer bee's attack. The killer bee stings you.
* * * LOW HITPOINT WARNING * * *
You are poisoned.
The killer bee poisons you!
Your Armour skill increases to level 3!
Your Dodging skill increases to level 3!
Your Shields skill increases to level 3!
You have reached level 5!
It was a potion of degeneration.
There was something very wrong with that liquid.
You feel weakened.
You feel dopey.
You feel clumsy.
You feel sick. You block the killer bee's attack. The killer bee stings you.
* * * LOW MAGIC WARNING * * *
* * * LOW HITPOINT WARNING * * *
You are more poisoned.
The killer bee poisons you!
Unknown command.
It was a potion of might.
You feel very mighty all of a sudden.
Xom roars with laughter!
* * * LOW HITPOINT WARNING * * *
You feel very sick.
The killer bee stings you but does no damage.
You block the killer bee's attack.
Unknown command.
Really quaff
c - a potion of lignification {!q}?
Really quaff the potion of lignification?
You turn into a tree.
Your +0 pair of boots melds into your body.
Your +0 chain mail melds into your body.
Your roots penetrate the ground.
* * * LOW HITPOINT WARNING * * *
You feel very sick. The killer bee stings you.
* * * LOW HITPOINT WARNING * * *
The killer bee stings you but does no damage.
It was a potion of flight.
Your roots keep you in place.
* * * LOW HITPOINT WARNING * * *
You feel sick. The killer bee completely misses you.
The killer bee stings you but does no damage.
It was a potion of magic.
Magic courses through your body.
You die...
Xom howls with laughter!

#..####..##.##.......#
∆ ##.#
##..........>##8 #.#
###..##.#.#.# ..∆ #.#
#..##..#...# #.. #.#
#.#...##...# ...
#.######.##.#.....#
.........#....##..#
.......##..#..##..#
..........#..#♣#..#
#######.##...##yyy# #.
#.#.###y.# # ..#.#
#..# .###.# #..# ..
... .... ..... #.###..
#y ∆ ..!


You could see 4 killer bees.

Vanquished Creatures
  A killer bee (D:4)
  3 adders
  2 worms
  A dart slug (D:1)
  6 orcs (D:3)
  7 endoplasms
  A giant cockroach (D:3)
  4 goblins
  6 hobgoblins
  7 jackals
  2 kobolds
  7 quokkas
  5 ball pythons
  4 bats
  4 frilled lizards
  2 rats
62 creatures vanquished.

Notes
Turn   | Place    | Note
-------+----------+-------------------------------------------
     0 | D:1      | Pooter the Gnoll Wanderer began the quest for the Orb.
     0 | D:1      | Pooter set off with the following items: a +2 dagger, 3
                  | curare-tipped darts, a potion of lignification {!q}, a +0
                  | buckler, a potion of brilliance, a +0 robe.
     0 | D:1      | Reached XP level 1. HP: 13/13 MP: 4/4
   490 | D:1      | Reached XP level 2. HP: 18/19 MP: 5/5
   988 | D:1      | Reached XP level 3. HP: 17/25 MP: 7/7
  1297 | D:2      | Found a glowing golden altar of the Shining One.
  1312 | D:2      | Reached skill level 1 in Invocations
  1719 | D:2      | Found a faded altar of an unknown god.
  1722 | D:2      | Prayed at the altar of an unknown god.
  1722 | D:2      | Became a worshipper of Xom of Chaos
  1940 | D:2      | XOM: silly message
  1955 | D:2      | Reached skill level 1 in Fighting
  1955 | D:2      | Reached skill level 1 in Short Blades
  1955 | D:2      | Reached skill level 1 in Long Blades
  1955 | D:2      | Reached skill level 1 in Axes
  1955 | D:2      | Reached skill level 1 in Maces & Flails
  1955 | D:2      | Reached skill level 1 in Polearms
  1955 | D:2      | Reached skill level 1 in Staves
  1955 | D:2      | Reached skill level 1 in Ranged Weapons
  1955 | D:2      | Reached skill level 1 in Stealth
  1955 | D:2      | Reached skill level 1 in Evocations
  1999 | D:2      | XOM: noise
  2148 | D:2      | XOM: silly message
  2409 | D:3      | XOM is BORED!
  2409 | D:3      | XOM: summons 2 hostile demons
  2515 | D:3      | Reached XP level 4. HP: 25/32 MP: 8/8
  2655 | D:3      | Found Qasoisem's Book Shoppe.
  2723 | D:3      | XOM: give mutations
  2723 | D:3      | Gained mutation: You are strong-willed. (Will+) [Xom's
                  | grace]
  2723 | D:3      | Gained mutation: You have a pair of small horns on your
                  | head. [Xom's grace]
  2723 | D:3      | Gained mutation: You are agile. (Dex +4, Str/Int -1) [Xom's
                  | grace]
  2724 | D:3      | XOM: scenery: create altars
  2883 | D:3      | XOM: 2-stop teleportation journey
  2920 | D:3      | XOM: give mutation
  2920 | D:3      | Gained mutation: You have supernaturally acute eyesight.
                  | (SInv) [Xom's grace]
  2989 | D:3      | XOM: scenery: summon butterflies
  3098 | D:3      | Reached skill level 1 in Conjurations
  3098 | D:3      | Reached skill level 1 in Hexes
  3098 | D:3      | Reached skill level 1 in Summonings
  3098 | D:3      | Reached skill level 1 in Necromancy
  3098 | D:3      | Reached skill level 1 in Translocations
  3098 | D:3      | Reached skill level 1 in Transmutations
  3098 | D:3      | Reached skill level 1 in Fire Magic
  3098 | D:3      | Reached skill level 1 in Ice Magic
  3098 | D:3      | Reached skill level 1 in Air Magic
  3098 | D:3      | Reached skill level 1 in Earth Magic
  3098 | D:3      | Reached skill level 1 in Poison Magic
  3651 | D:4      | XOM: summons friendly orange demon
  3666 | D:4      | Reached XP level 5. HP: 14/37 MP: 1/9
  3669 | D:4      | HP: 2/55 [poisoned by a killer bee]
  3670 | D:4      | Succumbed to a killer bee's poison

Illustrated notes

Levels and vault maps discovered:
D:1:      dpeg_arrival_houses_and_road, layout_basic
D:2:      layout_basic, shapermc_ecumenical_altar_mp_vishouse, basic_altar,
          grunt_ministairs_15
D:3:      minmay_angry_zag, layout_basic, serial_shops, shop,
          grunt_ministairs_11, due_unseen_surprise
D:4:      kennysheep_kobold_camp, layout_rooms, minitemple, minivault_26,
          minmay_misc_feat_more_columns, hangedman_decor_points,
          nicolae_underground_beach

Skill      XL: |  1  2  3  4 |
---------------+-------------+-----
Invocations    | 1 |  1.7
Fighting       | 1 |  1.5
Short Blades   | 1 |  1.5
Long Blades    | 1 |  1.5
Axes           | 1 |  1.5
Maces & Flails | 1 |  1.5
Polearms       | 1 |  1.5
Staves         | 1 |  1.5
Ranged Weapons | 1 |  1.5
Stealth        | 1 |  1.5
Evocations     | 1 |  1.5
Spellcasting   | 3 |  3.2
Conjurations   | 1 |  1.2
Hexes          | 1 |  1.2
Summonings     | 1 |  1.2
Necromancy     | 1 |  1.2
Translocations | 1 |  1.2
Transmutations | 1 |  1.2
Fire Magic     | 1 |  1.2
Ice Magic      | 1 |  1.2
Air Magic      | 1 |  1.2
Earth Magic    | 1 |  1.2
Poison Magic   | 1 |  1.2
Armour         | 3 |  3.0
Dodging        | 3 |  3.0
Shields        | 3 |  3.0
Throwing       | |  8.6
Unarmed Combat | |  4.8

Action                   |  1- 3 |  4- 6 || total
-------------------------+-------+-------++-------
Melee: Dagger            |    23 |       ||    23
       Bite              |    19 |     3 ||    22
       Unarmed           |    74 |     8 ||    82
       Long sword        |       |    62 ||    62
       Headbutt          |       |    14 ||    14
       Flail             |       |     2 ||     2
 Fire: Sling             |       |    32 ||    32
Throw: Dart              |     2 |       ||     2
       Stone             |    33 |       ||    33
Evoke: Wand              |       |     1 ||     1
  Use: Scroll            |     2 |       ||     2
       Potion            |       |     5 ||     5
Armor: Chain mail        |    57 |    46 ||   103
       Skin              |       |     2 ||     2
Dodge: Dodged            |    13 |    28 ||    41
Block: Buckler           |    13 |    31 ||    44

Table legend: (Time is in decaauts)
 A = Elapsed time spent in this place.
 B = Non-inter-level travel time spent in this place.
 C = Inter-level travel time spent in this place.
 D = Time resting spent in this place.
 E = Time spent auto-exploring this place.
 F = Levels seen in this place.
 G = Mean time per level.
                   A        B        C        D        E       F      G
               +--------+--------+--------+--------+--------+-----+--------+
         Total |   3706 |   3621 |     85 |    860 |   2171 |   4 |  926.5 |
       Dungeon |   3706 |   3621 |     85 |    860 |   2171 |   4 |  926.5 |
               +--------+--------+--------+--------+--------+-----+--------+

Top non-repeatable levels by time:
     D:1: 1290 daAuts
     D:2: 1122 daAuts
     D:3: 1114 daAuts
     D:4: 178 daAuts
